Map: New Repugnancy LE

Players

Neeb

  • Race: Protoss Protoss
  • League: Grandmaster
  • Spawn Location: 1:00

puCK (Nina) - Winner!

  • Race: Protoss Protoss
  • League: Grandmaster
  • Spawn Location: 7:00

Event: 2019 WCS Winter Americas

VOD

Have the link to the VOD?

Description

Time

  • Played on: Feb. 16, 2019, 1:23 p.m.
  • Length: 2:48

All games in this series

Show
View Real Time Build Order
Export as new Build Order

Neeb Protoss 

Build Orders:  

Get SALT Encoding   

  12  0:00  Probe  
  13  0:12  Probe  
  14  0:17  Pylon  
  14  0:24  Probe  
  15  0:32  Probe  
  15  0:38  Gateway  
  15  0:40  Probe  
  16  0:48  Assimilator  
  17  0:50  Probe  
  17  0:54  Assimilator  
  18  0:58  Probe  
  19  1:06  Probe  
  19  1:08  Gateway  
  20  1:17  Probe  
  20  1:22  Pylon  
  21  1:31  Cybernetics Core  
  21  1:38  Zealot  
  23  1:59  Stalker  
  23  2:00  Pylon  
  24  2:13  Adept  
  18  2:42  Gateway  
Show
View Real Time Build Order
Export as new Build Order

puCK Protoss - Winner!

Build Orders:  

Get SALT Encoding   

  12  0:01  Probe  
  13  0:13  Probe  
  14  0:25  Probe  
  15  0:33  Pylon  
  15  0:52  Gateway  
  15  0:53  Gateway  
  15  0:58  Forge  
  15  1:30  Zealot x2  
  15  1:31  Pylon  
  15  1:35  Photon Cannon  
  19  1:42  Pylon  
  19  2:07  Photon Cannon  
  19  2:14  Photon Cannon  
  19  2:17  Photon Cannon  
  19  2:25  Photon Cannon  
  19  2:40  Photon Cannon  
Tags
 
Add a new tag
Caveats
  • Supply blocks, unpowered buildings, or Contaminate may cause inaccurate times.
  • Supply counts are checked every 10 seconds.